 Dungeon Crawl Stone Soup version 0.27-a0-1036-g8e1b44f6bd (webtiles) character file.

Game seed: 17073148596569984646

621 voltaire321 the Ducker (level 7, 0/52 HPs)
             Began as a Djinni Gladiator on Apr 19, 2021.
             Slain by an ice beast (13 damage)
             ... on level 5 of the Dungeon.
             The game lasted 00:11:59 (5098 turns).

voltaire321 the Ducker (Djinni Gladiator)           Turns: 5098, Time: 00:12:00

Health: 0/52       AC:  9    Str: 13    XL:     7   Next: 46%
Gold:   256        EV: 14    Int: 10    God:
                   SH:  0    Dex: 16

rFire    + + .     SeeInvis .   a - +0 long sword
rCold    x . .     Faith    .   (no shield)
rNeg     + + .     Spirit   .   f - +2 leather armour {rN+}
rPois    ∞         Reflect  .   c - +1 helmet
rElec    .         Harm     .   n - +1 cloak {rCorr}
rCorr    +         Rampage  .   (no gloves)
Will     .....                  (boots unavailable)
Stlth    +.........             (no amulet)
HPRegen  0.17/turn              e - ring of wizardry
MPRegen  0.00/turn              g - ring of positive energy

@: flying
A: fire resistance 2, cold vulnerability 1, float, innate caster, hp casting,
extra vitality 1
a: no special abilities


You were on level 5 of the Dungeon.
You visited 1 branch of the dungeon, and saw 6 of its levels.

You collected 256 gold pieces.

Inventory:

Hand Weapons
 a - a +0 long sword (weapon)
Missiles
 d - 3 throwing nets (quivered)
Armour
 c - a +1 helmet (worn)
 f - a +2 leather armour of positive energy (worn)
 n - a +1 cloak of preservation (worn)
Jewellery
 e - a ring of wizardry (left hand)
 g - a ring of positive energy (right hand)
 l - a ring of protection from cold
Wands
 i - a wand of polymorph (10)
Scrolls
 j - a scroll of summoning
 p - 2 scrolls of teleportation
Potions
 b - a potion of ambrosia {unknown}
 h - a potion of brilliance {unknown}
 k - a potion of flight {unknown}
 m - a potion of curing


   Skills:
 + Level 4.0 Fighting
 + Level 4.2 Long Blades
 - Level 1.5 Throwing
 - Level 3.0 Armour
 + Level 5.0 Dodging
 + Level 2.7 Spellcasting


You had 5 spell levels left.
You knew the following spells:

 Your Spells              Type           Power      Damage    Failure   Level
a - Magic Dart            Conj           24%        1d4       4%          1
b - Call Imp              Summ           6%         N/A       8%          2
c - Swiftness             Air            6%         N/A       16%         3
Your spell library was empty.

Dungeon Overview and Level Annotations

Branches:
Dungeon (6/15)
 Temple: D:4-7

Altars:
Dithmenos
Elyvilon
Nemelex Xobeh
Xom

Annotations:
D:3 3 runed translucent doors, siradein's ghost, weakling DrCj


Innate Abilities, Weirdness & Mutations

You are immune to poison.
Your flesh is very heat resistant. (rF++)
You are vulnerable to cold. (rC-)
You float through the air rather than walking.
You learn spells naturally, not from books.
Your magical power is your life essence.
You have superior vitality. (+4 HP)


Message History

The iguana is moderately wounded.
Your white imp gestures at the iguana.
The puff of frost hits the iguana!
The iguana dies!
Your Fighting skill increases to level 4!
You see here an iguana corpse.
There is a stone staircase leading down here.
You fly downwards.
Your summoned ally is left behind.
There is a stone staircase leading up here.
There is a stone staircase leading down here.
You fly downwards.
There is a stone staircase leading up here.
Found a white marble altar of Elyvilon.
Found a shadowy altar of Dithmenos.
Found a sparkling altar of Nemelex Xobeh.
You reach down and open the door.
Found 20 arrows.
There is an open door here.
Found a piece from Xom's chessboard (15/15).
Found a shimmering altar of Xom.
Found 7 gold pieces.
An ice beast comes into view.
There is a shimmering altar of Xom here.
You see here a piece from Xom's chessboard (15/15).
You now have 256 gold pieces (gained 7).
You reach down and open the door.
Casting: Call Imp (safe; 8% risk of failure)
Confirm with . or Enter, or press ? or * to list all spells.
A metallic apparition takes form in the air.
There is an open door here.
You barely miss the ice beast. The ice beast hits you.
The ice beast freezes you!
You feel a terrible chill!
You hit the ice beast but do no damage. The ice beast barely misses you.
Your iron imp closely misses the ice beast.
You closely miss the ice beast. The ice beast hits you.
The ice beast freezes you!!
You feel a terrible chill!
Your iron imp hits the ice beast!
The ice beast hits you.
* * * LOW HITPOINT WARNING * * *
The ice beast freezes you!
You feel a terrible chill!
You die...

...........(............#
........................#
...######...............#
...# #...............#
#### #............b..#
#.......#._.+##..
+.......#.....#
#.......#.....#
#......5@.....+
#......Y####### .......
....... ....... .......
....... .......


You could see an ice beast (ally target) and a friendly iron imp (summoned).

Vanquished Creatures
  A water moccasin (D:3)
  A scorpion (D:4)
  A water moccasin skeleton (D:4)
  A jelly (D:4)
  A hound (D:2)
  Natasha (thrice) (D:2)
  2 iguanas (D:4)
  3 adders
  An ufetubus (D:4)
  A worm (D:2)
  4 dart slugs
  4 orcs (D:4)
  2 ball pythons
  5 bats (D:1)
  6 endoplasms
  4 giant cockroaches (D:1)
  8 hobgoblins
  5 jackals (D:3)
  4 kobolds
  2 quokkas (D:1)
  2 frilled lizards
  2 goblins (D:1)
  A quokka skeleton (D:4)
  5 rats
69 creatures vanquished.

Vanquished Creatures (collateral kills)
  A black bear (D:4)
  A necrophage (D:4)
  An iguana (D:3)
  An orc (D:4)
  A hobgoblin (D:4)
  A ball python (D:4)
6 creatures vanquished.

Vanquished Creatures (others)
  2 plants (D:1)
2 creatures vanquished.

Grand Total: 77 creatures vanquished

Notes
Turn   | Place    | Note
-------+----------+-------------------------------------------
     0 | D:1      | voltaire321 the Djinni Gladiator began the quest for the
                  | Orb.
     0 | D:1      | Reached XP level 1. HP: 18/18 MP: 0/0
   142 | D:1      | Found a faded altar of an unknown god.
   174 | D:1      | Reached XP level 2. HP: 17/23 MP: 0/0
   680 | D:1      | Reached XP level 3. HP: 14/29 MP: 0/0
   680 | D:1      | Learned a level 1 spell: Magic Dart
  1410 | D:2      | Reached skill level 1 in Spellcasting
  1566 | D:2      | Noticed Natasha
  1576 | D:2      | Killed Natasha
  1577 | D:2      | Reached skill level 1 in Armour
  1577 | D:2      | Reached XP level 4. HP: 7/34 MP: 0/0
  1899 | D:2      | Noticed Natasha
  1902 | D:2      | Killed Natasha
  1932 | D:2      | Noticed Natasha
  1940 | D:2      | Killed Natasha
  1941 | D:2      | Reached skill level 4 in Dodging
  1941 | D:2      | Reached XP level 5. HP: 4/40 MP: 0/0
  1941 | D:2      | Learned a level 2 spell: Call Imp
  2857 | D:3      | Found a runed translucent gate.
  2858 | D:3      | Found a runed translucent gate.
  2859 | D:3      | Found a runed translucent gate.
  2906 | D:3      | Noticed siradein's ghost (weakling DrCj)
  3083 | D:3      | You are sucked into a shaft and drop 3 floors!
  3084 | D:6      | Noticed an ice beast
  3088 | D:5      | Entered Level 5 of the Dungeon
  3111 | D:4      | Noticed a water moccasin
  3494 | D:3      | Killed a water moccasin
  3495 | D:3      | Reached XP level 6. HP: 46/46 MP: 0/0
  3585 | D:4      | Noticed a black bear
  3595 | D:4      | Killed a black bear
  3712 | D:4      | Noticed a necrophage
  3727 | D:4      | Killed a necrophage
  3798 | D:4      | Reached XP level 7. HP: 30/50 MP: 0/0
  3798 | D:4      | Learned a level 3 spell: Swiftness
  4649 | D:4      | Reached skill level 5 in Dodging
  5053 | D:5      | Found a white marble altar of Elyvilon.
  5054 | D:5      | Found a shadowy altar of Dithmenos.
  5055 | D:5      | Found a sparkling altar of Nemelex Xobeh.
  5079 | D:5      | Found a shimmering altar of Xom.
  5098 | D:5      | Slain by an ice beast

Illustrated notes

Levels and vault maps discovered:
D:1:      wander_arrival_fairy_ring, layout_loops_ring,
          ebering_ecumenical_altar_hall, chequers_serial_rivers_micro_c,
          serial_bayou_lagoon_b
D:2:      layout_loops_corners, uniq_natasha
D:3:      layout_basic, gammafunk_ghost_icy
D:4:      layout_loops_cross, serial_rivers, chequers_serial_rivers_small_a,
          chequers_serial_rivers_micro_d, chequers_serial_rivers_small_3,
          chequers_serial_rivers_micro_c, chequers_serial_rivers_room_b,
          chequers_serial_rivers_micro_d, minmay_crystal_room
D:5:      layout_gridville, xom_butterflies,
          chequers_temple_overflow_statue_of_worship, serial_shops,
          nicolae_shop_crystal, minmay_mini_ossuary
D:6:      layout_loops_ring, minmay_temple_entry_junction_2,
          minmay_misc_feat_enclosed, uniq_crazy_yiuf_cottage

Skill      XL: |  1  2  3  4  5  6  7 |
---------------+----------------------+-----
Long Blades    | 3 4 |  4.2
Spellcasting   | 1 2 |  2.7
Armour         | 1 2 3 |  3.0
Dodging        | 4 5 |  5.0
Fighting       | 3 4 |  4.0
Throwing       | |  1.5

Action                   |  1- 3 |  4- 6 |  7- 9 || total
-------------------------+-------+-------+-------++-------
Melee: Long sword        |    93 |    65 |    64 ||   222
 Cast: Magic Dart        |     2 |     3 |       ||     5
       Call Imp          |       |     3 |     8 ||    11
  Use: Scroll            |       |     7 |       ||     7
       Potion            |       |     1 |       ||     1
 Stab: Sleeping          |     2 |       |       ||     2
       Distracted        |     1 |       |       ||     1
Armor: Leather armour    |    38 |    25 |    16 ||    79
Dodge: Dodged            |    63 |    71 |    48 ||   182
       Rpst.: Long sword |    25 |    22 |    18 ||    65

Table legend: (Time is in decaauts)
 A = Elapsed time spent in this place.
 B = Non-inter-level travel time spent in this place.
 C = Inter-level travel time spent in this place.
 D = Time resting spent in this place.
 E = Time spent auto-exploring this place.
 F = Levels seen in this place.
 G = Mean time per level.
                   A        B        C        D        E       F      G
               +--------+--------+--------+--------+--------+-----+--------+
         Total |   5160 |   5039 |    121 |   1624 |   2544 |   6 |  860.0 |
       Dungeon |   5160 |   5039 |    121 |   1624 |   2544 |   6 |  860.0 |
               +--------+--------+--------+--------+--------+-----+--------+

Top non-repeatable levels by time:
     D:2: 1798 daAuts
     D:1: 1426 daAuts
     D:4: 1243 daAuts
     D:3: 612 daAuts
     D:5: 74 daAuts
     D:6: 4 daAuts
